 Dungeon Crawl Stone Soup version 0.19-a0-1834-g6b7851e (webtiles) character file.

31 poirepourri the Conjurer (level 3, -2/19 HPs)
             Began as a Deep Elf Conjurer on Oct 8, 2016.
             Killed from afar by Sigmund (9 damage)
             ... with a puff of flame
             ... on level 2 of the Dungeon.
             The game lasted 00:02:04 (1433 turns).

poirepourri the Conjurer (Deep Elf Conjurer)        Turns: 1433, Time: 00:02:06

Health: -2/19      AC:  3    Str:  5    XL:     3   Next: 7%
Magic:  2/10       EV: 13    Int: 20    God:
Gold:   30         SH:  0    Dex: 15    Spells: 2 memorised, 6 levels left

rFire  . . .     SeeInvis .     (no weapon)
rCold  . . .     Gourm    .     a - +0 robe
rNeg   . . .     Faith    .     (no shield)
rPois  .         Spirit   .     (no helmet)
rElec  .         Dismiss  .     g - +0 cloak
rCorr  .         Reflect  .     (no gloves)
MR     .....     Harm     .     (no boots)
Stlth  ++........               (no amulet)
                                (no ring)
                                (no ring)

@: no status effects
A: no striking features
a: no special abilities


You were on level 2 of the Dungeon.
You were not hungry.

You visited 1 branch of the dungeon, and saw 2 of its levels.

You collected 30 gold pieces.

Inventory:

Armour
 a - a +0 robe (worn)
 g - a +0 cloak (worn)
Scrolls
 d - a scroll of enchant armour {unknown}
 e - 4 scrolls of identify
Books
 b - a book of Conjurations

   Spells                             Type                      Level
   a - Magic Dart                     Conjuration                  1
   b - Searing Ray                    Conjuration                  2
   c - Dazzling Spray                 Conjuration/Hexes            3
   d - Fulminant Prism                Conjuration/Hexes            4
   e - Iskenderun's Mystic Blast      Conjuration                  4
   f - Iskenderun's Battlesphere      Conjuration/Charms           5
Comestibles
 c - 3 bread rations


   Skills:
 - Level 2.4 Dodging
 - Level 2.4 Stealth
 * Level 3.6 Spellcasting
 + Level 5.2 Conjurations


You had 6 spell levels left.
You knew the following spells:

 Your Spells              Type           Power        Failure   Level  Hunger
a - Magic Dart            Conj           ###.         1%          1    None
b - Searing Ray           Conj           ###...       2%          2    ##.....


Dungeon Overview and Level Annotations

Branches:
Dungeon (2/15)

Altars:

Annotations:
D:2 Sigmund


Message History

The bat is heavily wounded.
The bat barely misses you. The bat hits you but does no damage.
Unknown command.
The bat barely misses you.
Casting: Searing Ray
Confirm with . or Enter, or press ? or * to list all spells.
Aiming: Searing Ray
Press: ? - help, Shift-Dir - straight line, f/p - bat
Aim: a bat (heavily wounded)
The searing ray hits the bat.
You kill the bat!
Something hits you but does no damage.
The searing ray hits something.
Without enough magic to sustain it, your searing ray dissipates.
Something barely misses you.
A magic dart appears from out of thin air!
The magic dart hits you!
A puff of flame appears from out of thin air!
The puff of flame hits you!
You die...

...... ..# #.#.. #.#..
#.#.# #.#.# #.#†# #.#.#
#.#.# #.#.# #..
#.###)#.####.#.# #.#
#......#.....#.# #.#
#####.###.##.#.##########
#.# # #.##
##.....@........# #.# .
##.###....#..#######.#
#.# . ##.#.#####..#
#.###.# . ##.##
#..#######.....###. ###
#................<.
#.####.############
#......# ########


There were no monsters in sight!

Vanquished Creatures
  A dart slug (D:2)
  2 leopard geckos (D:1)
  4 bats
  3 giant cockroaches (D:1)
  2 hobgoblins (D:1)
  4 jackals (D:1)
  3 kobolds (D:1)
  3 frilled lizards (D:1)
  2 rats (D:1)
24 creatures vanquished.

Notes
Turn   | Place    | Note
-------+----------+-------------------------------------------
     0 | D:1      | poirepourri the Deep Elf Conjurer began the quest for the Orb.
     0 | D:1      | Reached XP level 1. HP: 10/10 MP: 6/6
   396 | D:1      | Reached XP level 2. HP: 15/15 MP: 4/8
   678 | D:1      | Reached skill level 5 in Conjurations
   682 | D:1      | Learned a level 2 spell: Searing Ray
  1224 | D:2      | Reached XP level 3. HP: 19/19 MP: 5/10
  1407 | D:2      | Noticed Sigmund
  1433 | D:2      | Killed from afar by Sigmund

Vault maps used:
D:1:      dpeg_arrival_ternary
D:2:      nicolae_ru_the_path_less_chosen, first_bread,
          okawaru_altar_gauntlet_db, uniq_terence, uniq_natasha, uniq_sigmund,
          uniq_jessica

Skill      XL: |  1  2 |
---------------+-------+-----
Conjurations   | 5 |  5.2
Dodging        | |  2.4
Stealth        | |  2.4
Spellcasting   | |  3.6

Action                   || total
-------------------------++-------
 Cast: Magic Dart        ||    51
       Searing Ray       ||     3
  Use: Scroll            ||     1
       Potion            ||     1
  Eat: Meat ration       ||     1
Armor: Robe              ||     7
Dodge: Dodged            ||    38
